 Dungeon Crawl Stone Soup version 0.28.0-53-g5a82cb258f (webtiles) character file.

Game seed: 16054481567405214721

68 jjjjhere the Cutter (level 4, 0/42 HPs)
             Began as a Kobold Berserker on Aug 13, 2022.
             Was a Follower of Trog.
             Slain by Sigmund
             ... wielding a +0 scythe
              (4 damage)
             ... on level 3 of the Dungeon.
             The game lasted 00:02:43 (1764 turns).

jjjjhere the Cutter (Kobold Berserker)              Turns: 1764, Time: 00:02:44

Health: 0/42       AC: 26    Str: 14    XL:     4   Next: 41%
Magic:  4/4        EV:  3    Int:  8    God:    Trog [*.....]
Gold:   157        SH:  0    Dex: 16    Spells: 3/3 levels left

rFire   . . .      SeeInvis .   a - +0 short sword
rCold   . . .      Faith    .   (no shield)
rNeg    . . .      Spirit   .   (armour currently unavailable)
rPois   +          Reflect  .   (helmet currently unavailable)
rElec   .          Harm     .   (cloak currently unavailable)
rCorr   .          Rampage  .   (gloves currently unavailable)
Will    .....      NoTele   +   (boots currently unavailable)
Stlth   ++........              (no amulet)
HPRegen 0.14/turn               g - +4 ring of protection
MPRegen 0.09/turn               (no ring)

@: confused, tree-form, on berserk cooldown, slowed, very slow
A: stationary, stasis, torment immunity, boosted hp, small, no large weapons,
nightstalker 3
a: Renounce Religion, Berserk


You were on level 3 of the Dungeon.
You worshipped Trog.
Trog was aware of your devotion.
You were a tree.
You visited 1 branch of the dungeon, and saw 3 of its levels.

You collected 157 gold pieces.

Inventory:

Hand Weapons
 a - a +0 short sword (weapon)
Armour
 b - a +0 animal skin (melded)
 d - a +0 pair of boots (melded)
Jewellery
 g - a +4 ring of protection (left branch)
Wands
 i - a wand of flame (6)
Scrolls
 c - a scroll of enchant weapon {unknown}
 e - 4 scrolls of identify {unknown}
 j - a scroll of amnesia {unknown}
 k - a scroll of vulnerability {unknown}


   Skills:
 - Level 3.2 Fighting
 + Level 5.4 Short Blades
 - Level 1.5 Armour
 - Level 2.4 Dodging
 + Level 3.7 Stealth


You had 3 spell levels left.
You didn't know any spells.
Your spell library was empty.

Dungeon Overview and Level Annotations

Branches:
Dungeon (3/15)

Altars:
Uskayaw
Wu Jian

Shops:
D:1 (

Annotations:
D:3 Sigmund


Innate Abilities, Weirdness & Mutations

You are a tree.
Your roots penetrate the ground, keeping you stationary.
You cannot be teleported.
You are immune to unholy pain and torment.
Your maximum health is greatly increased.
Your equipment is partially melded.
You are small and have problems with some larger weapons.
You are completely attuned to the shadows.


Message History

You cannot move.
You cannot move.
You closely miss something. Something hits you but does no damage.
You hit something but do no damage.
You hear some strange, mumbled words.
A puff of flame appears from out of thin air!
The puff of flame hits you but does no damage.
Something hits you but does no damage.
You hit something. You hit something. Something hits you but does no damage.
You barely miss something. Something hits you.
* * * LOW HITPOINT WARNING * * *
You closely miss something. Something hits you but does no damage.
You hit something but do no damage.
You hear some strange, mumbled words.
A magic dart appears from out of thin air!
The magic dart hits you but does no damage.
You barely miss something. Something hits you.
* * * LOW HITPOINT WARNING * * *
You closely miss something. Something hits you but does no damage.
You miss something. You barely miss something. Something completely misses you.
You hit something. Something hits you but does no damage.
You barely miss something. Something hits you.
* * * LOW HITPOINT WARNING * * *
You hit something. Something hits you but does no damage.
You hit something. You barely miss something. Something hits you.
* * * LOW HITPOINT WARNING * * *
You hit something but do no damage.
You hear some strange, mumbled words.
You are confused.
You aren't carrying any potions.
You are too confused!
You cannot move. (Use ctrl+direction or * direction to attack without moving.)
You swing at nothing.
You hear some strange, mumbled words.
You are more confused.
Something hits you.
You die...

#?#.# #.#.# .
#.#.##..
#...{Z._ #..♣#
... #...# #.#
#...###.###.
#...........
#.......#####.
...#####....#..
### ##.....#
#...### #...#


You could see a water moccasin skeleton.

Vanquished Creatures
  2 adders
  4 dart slugs
  6 ball pythons
  3 bats
  3 endoplasms
  2 giant cockroaches
  3 goblins
  6 hobgoblins
  4 jackals
  A quokka (D:3)
  A frilled lizard (D:2)
  2 kobolds (D:1)
  3 rats
40 creatures vanquished.

Notes
Turn   | Place    | Note
-------+----------+-------------------------------------------
     0 | D:1      | jjjjhere the Kobold Berserker began the quest for the Orb.
     0 | D:1      | Reached XP level 1. HP: 14/14 MP: 1/1
   127 | D:1      | Reached skill level 1 in Stealth
   204 | D:1      | Reached XP level 2. HP: 19/19 MP: 2/2
   216 | D:1      | Found Weepot's Weapon Emporium.
   558 | D:1      | Reached XP level 3. HP: 23/23 MP: 3/3
   749 | D:2      | You fall into a shaft and drop 1 floor!
   953 | D:2      | Reached skill level 5 in Short Blades
  1067 | D:2      | Found a faded altar of an unknown god.
  1526 | D:3      | Reached XP level 4. HP: 27/28 MP: 4/4
  1630 | D:3      | Found an ornate altar of the Wu Jian Council.
  1738 | D:3      | Noticed Sigmund
  1740 | D:3      | Found a hide-covered altar of Uskayaw.
  1744 | D:3      | HP: 9/28 [Sigmund/+0 scythe (7)]
  1751 | D:3      | HP: 8/42 [something (6)]
  1759 | D:3      | HP: 4/42 [something (2)]
  1764 | D:3      | Slain by Sigmund

Illustrated notes

Levels and vault maps discovered:
D:1:      dpeg_arrival_arbitrary_b, layout_basic, serial_shops,
          nicolae_shop_bloodbath_and_beyond
D:2:      layout_basic, shapermc_ecumenical_altar_gd, minmay_heptomino_d4
D:3:      layout_rooms, nicolae_overflow_crystal_walls,
          mainiacjoe_overflow_boulevard, uniq_sigmund, uniq_ijyb, uniq_robin

Skill      XL: |  1  2  3 |
---------------+----------+-----
Stealth        | 1 2 3 |  3.7
Short Blades   | 5 |  5.4
Fighting       | |  3.2
Armour         | |  1.5
Dodging        | |  2.4

Action                   |  1- 3 |  4- 6 || total
-------------------------+-------+-------++-------
Melee: Short sword       |    81 |    58 ||   139
       Punch             |     1 |       ||     1
Invok: Berserk           |     1 |     1 ||     2
  Use: Potion            |       |     2 ||     2
 Stab: Sleeping          |    10 |     4 ||    14
Armor: Animal skin       |    18 |     9 ||    27
       Skin              |       |     9 ||     9
Dodge: Dodged            |    83 |    25 ||   108
